 Dungeon Crawl Stone Soup version 0.13.1-27-ga479965 (webtiles) character file.

225523 4tharraofdagon the Executioner (level 18, -6/177 HPs)
             Began as a Minotaur Fighter on Feb 21, 2014.
             Was the Champion of Makhleb.
             Killed from afar by a titan (58 damage)
             ... with a bolt of lightning
             ... on Level 5 of the Vaults.
             The game lasted 02:36:40 (14622 turns).

4tharraofdagon the Executioner (Minotaur Fighter)  Turns: 14622, Time: 02:36:41

HP  -6/177       AC 31     Str 27      XL: 18   Next: 60%
MP  24/24        EV 10     Int  7 (8)  God: Makhleb [******]
Gold 493         SH  0     Dex 16      Spells:  3 memorised, 20 levels left

Res.Fire  : . . .   See Invis. : .   u - +6,+9 battleaxe of Disaster {freeze, +Fly rC+}
Res.Cold  : + + .   Warding    : .   e - +6 chain mail of Hospitality {Dex+5 Int-1}
Life Prot.: . . .   Conserve   : .   (no shield)
Res.Poison: .       Res.Corr.  : .   c - +2 cap {Int+3}
Res.Elec. : .       Clarity    : .   R - +2 cloak
Sust.Abil.: . .     Spirit.Shd : .   r - +1 pair of gauntlets
Res.Mut.  : .       Stasis     : .   h - +0 pair of boots
Res.Rott. : .       Flight     : .   (no amulet)
Saprovore : . . .                    V - ring of protection from cold
                                     M - ring of regeneration

@: very slightly contaminated, somewhat resistant to hostile enchantments,
extremely unstealthy
A: retaliatory headbutt, horns 2, berserk 1, blurry vision 1, deformed body,
+10% hp, AC +5
a: Minor Destruction, Lesser Servant of Makhleb, Major Destruction, Greater
Servant of Makhleb, Renounce Religion, Evoke Flight
}: 1/15 runes: abyssal


You were on level 5 of the Vaults.
You worshipped Makhleb.
Makhleb was exalted by your worship.
You were hungry.

You visited 6 branches of the dungeon, and saw 36 of its levels.
You visited the Abyss 2 times.
You also visited: Volcano.

You collected 2525 gold pieces.
You spent 2052 gold pieces at shops.

Inventory:

Hand weapons
 k - a +5,+5 battleaxe of flaming
 u - the +6,+9 battleaxe of Disaster (weapon) {freeze, +Fly rC+}
   (You bought it in a shop on level 4 of the Orcish Mines)

   It has been specially enchanted to freeze those struck by it, causing extra
   injury to most foes and up to double damage against particularly susceptible
   opponents.
   It can also slow down cold-blooded creatures.
   It protects you from cold.
   It lets you fly.
Armour
 c - a +2 cap of intelligence (worn)
 e - the +6 chain mail of Hospitality (worn) {Dex+5 Int-1}
   (You bought it in a shop on level 4 of the Orcish Mines)

   It affects your intelligence (-1).
   It affects your dexterity (+5).
 h - a +0 pair of boots (worn)
 j - the +3 scale mail of Disaster {rF+ MR++ Dex-3 Acc-3 Stlth++}
   (You bought it in a shop on level 1 of the Orcish Mines)

   It affects your dexterity (-3).
   It affects your accuracy (-3).
   It protects you from fire.
   It affects your resistance to hostile enchantments.
   It makes you much more stealthy.
 r - a +1 pair of gauntlets (worn)
 N - the +0 chain mail of the Ditch-Digger {+Rage +Inv rPois rN+ SInv, unknown}
   (You took it off an orc knight on level 5 of the Vaults)

   It protects you from poison.
   It protects you from negative energy.
   It enhances your eyesight.
   It lets you turn invisible.
   It lets you go berserk.
 R - a +2 cloak (worn)
Magical devices
 b - a wand of hasting (8)
 g - a wand of fire (6)
 z - a wand of fireball (4)
 T - a wand of lightning (4)
 U - a wand of cold (6)
Comestibles
 d - 3 bread rations
 G - 10 meat rations
Scrolls
 a - a scroll of holy word
 l - 3 scrolls of summoning
 p - 5 scrolls of remove curse
 q - 4 scrolls of recharging
 s - a scroll of enchant weapon I
 t - 3 scrolls of noise
 v - 3 scrolls of identify
 y - a scroll of torment (quivered) {THE ROYAL HELLY DAYMARE}
 D - 4 scrolls of teleportation
 K - a scroll of silence
 Q - a scroll of fog
 Z - 4 scrolls of enchant armour
Jewellery
 m - an uncursed ring of positive energy
 x - an uncursed ring of positive energy
 A - an uncursed ring of see invisible
 B - an uncursed ring of protection from magic
 F - an uncursed amulet of conservation
 J - an uncursed ring of regeneration
 L - an uncursed ring of wizardry
 M - a ring of regeneration (left hand)
 S - the amulet of Creativity {Stasis MR++ Acc+5}
   (You found it on level 4 of the Abyss)

   [amulet of stasis]

   It affects your accuracy (+5).
   It affects your resistance to hostile enchantments.
 V - a ring of protection from cold (right hand)
 W - an uncursed amulet of clarity
Potions
 n - 6 potions of curing
 E - a potion of speed
 O - a potion of flight
 P - a potion of magic
 X - a potion of berserk rage
Books
 f - a tome of Destruction
 C - a book of the Warp

   Spells                             Type                      Level
   Recall                             Summoning/Translocation      3
   Control Teleport                   Charms/Translocation         4
   Phase Shift                        Translocation                5
   Warp Weapon                        Charms/Translocation         5
   Dispersal                          Translocation                6
   Controlled Blink                   Translocation                7
   Disjunction                        Translocation                8
Miscellaneous
 i - a phial of floods
 w - a lamp of fire
 I - a lamp of fire
 Y - a phial of floods


   Skills:
 + Level 15.6 Fighting
 * Level 25.6 Axes
 + Level 17.5 Armour
 - Level 7.0 Dodging
   Level 3.6 Shields
 - Level 4.0 Spellcasting
 + Level 2.9 Translocations
 - Level 7.2 Invocations
 - Level 8.0 Evocations


You had 20 spell levels left.
You knew the following spells:

 Your Spells              Type           Power        Failure   Level  Hunger
a - Apportation           Tloc           #.........   28%         1    ##.....
b - Blink                 Tloc           N/A          38%         2    ###....
c - Cure Poison           Pois           #.........   91%         2    ###....


Dungeon Overview and Level Annotations

Branches:
Dungeon (15/27)            Temple (1/1) D:5             Orc (4/4) D:11
    Elf (3/3) Orc:3          Lair (8/8) D:11          Swamp (0/5) Lair:5
 Spider (0/5) Lair:5        Slime (0/6) Lair:7       Vaults (5/5) D:15
  Blade (0/1) Vaults:3
  Crypt: Vaults:2-3

Altars:
Cheibriados
Makhleb
Nemelex Xobeh
Sif Muna
Trog
Vehumet
Xom
the Shining One
Beogh

Shops:
D:10 ?   Orc:1 [}[*[   Orc:4 [!%+*}%[(   Vaults:1 ?   Vaults:2 [   Vaults:3 /

Annotations:
D:13 FOOD FARM
Orc:1 CPA
Orc:2 Sonja
Elf:2 Frances
Vaults:2 117


Innate Abilities, Weirdness & Mutations

You reflexively headbutt those who attack you in melee.
You have a pair of horns on your head.
You are partially covered in iridescent scales (AC +4).
You tend to lose your temper in combat.
Your vision is a little blurry.
Armour fits poorly on your strangely shaped body.
You are robust (+10% HP).
You are covered in fur (AC +1).


Message History

Okay, then.
Remove which piece of jewellery? (? for menu, Esc to quit)
You remove the amulet of Creativity {Stasis MR++ Acc+5}.
An ironheart preserver comes into view. It is wielding a dwarven flail.
Unknown command.
Unknown command.
Read which item? (? for menu, Esc to quit)
Blink to where?
Press: ? - help, Dir - move target cursor
As you read the scroll of blinking, it crumbles to dust.
You are very lightly contaminated with residual magic.
The tengu reaver points at you and mumbles some strange words.
The bolt of lightning misses you.
The battlesphere fires!
The barrage of energy hits you! The titan casts a spell at you.
The bolt of lightning hits you!
* * * LOW HITPOINT WARNING * * *
The titan casts a spell at you. The bolt of lightning hits you!
You die...

.#.#.#.#.#.#.#.#....#
#.#.#.#.#.#.#:##....#
.#.#)#.#.#.#.#.#....#
#.#.#.#.#.#)#.#.....#####
.#.#.#.#.#)#[#(.....#....
#.#.#.#.#(#(#............
############).........###########
.............<<..............
........)..@..<..)C.....[...
............<<....H.........
............@..(..C.ยง.......
########.........#.##..#.##
..........*(..!..%.....C.
#.#.#.#...............C.
.....#....#............
.##.#.#.....C.C........
#...#....#..?.......


You could see a titan, a tengu reaver, an ironheart preserver and an ettin.

Vanquished Creatures
  Saint Roka (Orc:4)
  A profane servitor (Abyss:3)
  2 bone dragons
  4 tentacled monstrosities (Abyss:4)
  A lich (Abyss:4)
  A kraken (Abyss:4)
  2 shadow dragons (Vaults:5)
  8 tentacled starspawn
  An iron dragon (Vaults:5)
  2 vault wardens
  Louise (Vaults:3)
  An orc warlord (Orc:4)
  A balrug (Abyss:4)
  5 stone giants (Vaults:5)
  An eidolon (Abyss:4)
  2 deep elf demonologists
  A deep elf annihilator (Vaults:2)
  2 lorocyprocas (Abyss:4)
  A dragon (Vaults:2)
  8 yaktaur captains
  2 ettins (Vaults:5)
  A great orb of eyes (Vaults:1)
  27 vault guards
  5 ironheart preservers
  Harold (Lair:2)
  An ice dragon (Vaults:2)
  An ice dragon (shapeshifter) (Vaults:5)
  The ghost of Chiseanne the Nimble, a powerful HuFi of Okawaru (D:10)
  3 deep troll earth magi
  2 hydras
  Erica (Lair:3)
  A ravenous feature mimic (Vaults:1)
  An ogre mage (Vaults:1)
  12 death yaks
  The ghost of smajdalf the Conjurer, an experienced DrCj of Vehumet (Lair:1)
  9 thrashing horrors
  2 deep troll shamans
  2 orc high priests (Orc:4)
  2 sun demons (Abyss:4)
  3 very ugly things
  5 wretched stars (Abyss:4)
  Nergalle (Elf:1)
  A fire crab (Vaults:2)
  4 centaur warriors
  2 soul eaters
  3 deep elf knights
  2 unseen horrors
  2 giant orange brains (Abyss:4)
  2 ice devils
  24 large abominations
  3 deep trolls (Vaults:3)
  2 ironbrand convokers
  42 starcursed masses
  8 orc knights
  2 hill giants
  A flayed ghost (Abyss:4)
  2 wizards
  A lindwurm (Volcano)
  3 giant amoebae
  A wolf spider zombie (Vaults:1)
  A flaming corpse (Abyss:4)
  A wolf spider (Lair:5)
  3 orc sorcerers
  3 red wasps
  7 deep elf conjurers
  3 phantasmal warriors
  2 griffons
  The ghost of Chiseanne the Sneak, an experienced HuAs of Okawaru (D:6)
  A griffon (shapeshifter) (D:14)
  2 shining eyes (Abyss:3)
  A stone giant zombie (Vaults:1)
  A sixfirhy (Vaults:3)
  4 stone giant skeletons
  12 orange demons
  5 elephants (Lair:8)
  2 deep elf summoners
  12 smoke demons
  A green draconian zombie (Abyss:3)
  5 vault sentinels
  25 spiny frogs
  3 efreet (Abyss:4)
  A feature mimic (Lair:4)
  3 komodo dragons
  2 blue devils
  A komodo dragon (shapeshifter) (Vaults:1)
  A red devil (Vaults:3)
  2 iron devils
  8 ancient zymes
  2 fire drakes
  A two-headed ogre (Orc:4)
  A giant leech (Lair:8)
  A demonic crawler (Abyss:3)
  15 yaktaurs
  5 humans (D:15)
  19 hellwings
  9 trolls
  8 deep elf priests
  A blink frog (shapeshifter) (Vaults:2)
  19 blink frogs
  A harpy skeleton (Vaults:1)
  A guardian serpent zombie (Abyss:3)
  A boulder beetle (Vaults:3)
  14 slime creatures
  An octopode (shapeshifter) (Vaults:1)
  3 basilisks (D:11)
  2 spectral orcs (Elf:1)
  18 ugly things
  A brown ooze (shapeshifter) (D:14)
  8 flying skulls
  14 ynoxinuls
  9 sharks
  3 hippogriffs
  14 deep elf magi
  A wyvern (shapeshifter) (D:14)
  A chaos spawn (Abyss:1)
  19 yaks
  4 elephant slugs
  A wyvern (D:10)
  2 hungry ghosts
  13 neqoxecs
  6 vampire mosquitoes (Lair:8)
  2 manticores
  A swamp worm (Lair:5)
  20 deep elf fighters
  A rock worm (Vaults:1)
  A mottled dragon (D:14)
  A deep troll zombie (Vaults:3)
  7 porcupines
  3 freezing wraiths
  A hydra simulacrum (D:14)
  2 hell hounds
  A giant goldfish (Elf:2)
  16 small abominations
  6 ice beasts (Elf:1)
  13 centaurs
  25 orc warriors
  A black bear (D:10)
  7 ogres
  3 sky beasts
  2 phantoms (D:11)
  10 crocodiles
  5 wargs
  10 giant slugs
  A komodo dragon zombie (D:13)
  17 giant frogs
  A manticore zombie (D:6)
  2 brain worms
  3 agate snails
  4 water moccasins
  4 insubstantial wisps (Abyss:4)
  A wyvern zombie (D:14)
  A wyvern skeleton (D:11)
  7 killer bees
  A manticore skeleton (D:8)
  5 jellyfish (Lair:2)
  6 electric eels (Lair:8)
  A hippogriff skeleton (D:9)
  5 crimson imps
  2 goliath beetles
  5 iron imps
  A centaur zombie (D:10)
  3 hounds
  2 scorpions
  A soldier ant zombie (D:13)
  2 jellies
  10 big fish
  A giant frog skeleton (D:8)
  A gnoll shaman (D:8)
  29 orc priests
  4 iguanas
  36 orc wizards
  9 sheep
  4 worker ants
  A mottled dragon zombie (D:8)
  An ogre zombie (D:9)
  A brain worm zombie (Abyss:3)
  2 mummies
  A worker ant zombie (D:9)
  4 gnolls (D:8)
  4 lemures (Abyss:4)
  8 adders
  A giant centipede (D:10)
  27 green rats
  A worm zombie (D:8)
  A brain worm simulacrum (Abyss:4)
  An inept feature mimic (D:5)
  2 white imps
  3 worms
  2 giant mites
  47 ufetubi
  An adder skeleton (D:4)
  An adder zombie (D:9)
  A giant centipede zombie (D:14)
  6 giant eyeballs
  5 giant geckos
  An ooze (D:1)
  207 orcs
  A ball python (D:1)
  4 giant cockroaches
  15 goblins
  15 hobgoblins
  19 jackals
  5 quokkas
  12 bats
  A giant gecko zombie (D:5)
  3 giant newts
  A giant spore (D:7)
  A hobgoblin zombie (D:5)
  9 kobolds
  A kobold skeleton (D:4)
  2 kobold zombies (D:5)
  An orc zombie (D:5)
  12 rats
  12 ballistomycetes
  10 fungi
  6 plants
  2 starspawn tentacles (Abyss:3)
  3 tentacles (Abyss:4)
1337 creatures vanquished.

Vanquished Creatures (collateral kills)
  Rupert (Lair:5)
  A storm dragon zombie (Vaults:2)
  A shadow demon (Abyss:4)
  A large abomination (Abyss:4)
  A spiny frog (Lair:5)
  A smoke demon (Abyss:3)
  A boulder beetle (Vaults:2)
  A golden eye (Abyss:4)
  A yak (Lair:6)
  2 swamp worms (Lair:5)
  A porcupine (Lair:5)
  2 crocodiles
  A giant slug (Vaults:2)
  A giant frog (Lair:5)
  An electric eel (Lair:5)
  5 starcursed masses (Abyss:4)
  A big fish (Lair:5)
  2 sheep (Lair:5)
  A shadow imp (Abyss:4)
  An ufetubus (Abyss:4)
27 creatures vanquished.

Vanquished Creatures (others)
  A green death (Orc:4)
  A large abomination (Abyss:4)
  2 water elementals (Abyss:4)
  A small abomination (Abyss:4)
  An iguana (Lair:1)
  An adder (Lair:5)
  An ufetubus (Abyss:4)
  A giant eyeball (Abyss:4)
  2 giant spores (D:11)
  2 lurking horrors (Abyss:4)
  4 fungi (Lair:8)
  3 plants
  22 starspawn tentacles
  67 starspawn tentacle segments
  10 tentacles (Abyss:4)
  68 tentacle segments (Abyss:4)
187 creatures vanquished.

Grand Total: 1551 creatures vanquished

Notes
Turn   | Place    | Note
--------------------------------------------------------------
     0 | D:1      | 4tharraofdagon, the Minotaur Fighter, began the quest for the Orb.
     0 | D:1      | Reached XP level 1. HP: 19/19 MP: 0/0
    29 | D:1      | Found a sparkling altar of Nemelex Xobeh.
    60 | D:1      | Reached XP level 2. HP: 23/26 MP: 0/0
   158 | D:2      | Reached skill level 4 in Armour
   194 | D:1      | yokelz: wow
   199 | D:1      | yokelz: lucky much :)
   200 | D:1      | 4tharraofdagon: :)
   249 | D:1      | Reached XP level 3. HP: 7/33 MP: 1/1
   546 | D:4      | Reached XP level 4. HP: 38/40 MP: 1/1
   550 | D:4      | Paralysed by a giant eyeball for 4 turns
   696 | D:5      | Entered Level 5 of the Dungeon
   702 | D:5      | Found a staircase to the Ecumenical Temple.
   754 | Temple   | Entered the Ecumenical Temple
   781 | Temple   | Became a worshipper of Makhleb the Destroyer
   963 | D:5      | Noticed a centaur
   970 | D:5      | Killed a centaur
   970 | D:5      | Reached skill level 5 in Axes
   970 | D:5      | Reached skill level 5 in Armour
   970 | D:5      | Reached XP level 5. HP: 18/46 MP: 1/1
  1036 | D:5      | Reached XP level 6. HP: 31/53 MP: 2/2
  1167 | D:3      | Reached skill level 5 in Fighting
  1283 | D:3      | Acquired Makhleb's first power
  1308 | D:3      | Reached skill level 6 in Axes
  1377 | D:4      | Yermak: you have strangely high XL for D:3
  1404 | D:5      | 4tharraofdagon: wanted to grab that ring :D
  1404 | D:5      | Yermak: for youe style of play
  1408 | D:6      | Noticed Chiseanne's ghost (experienced HuAs)
  1426 | D:6      | Killed Chiseanne's ghost
  1426 | D:6      | Reached skill level 7 in Axes
  1426 | D:6      | Reached XP level 7. HP: 58/61 MP: 2/2
  1738 | D:8      | Reached skill level 8 in Axes
  1776 | D:8      | Reached XP level 8. HP: 69/69 MP: 2/2
  1831 | D:9      | Noticed a five-headed hydra
  1924 | D:7      | Found a glowing golden altar of the Shining One.
  2042 | D:8      | Paralysed by a giant eyeball for 4 turns
  2050 | D:8      | Reached skill level 9 in Axes
  2051 | D:8      | Acquired Makhleb's second power
  2306 | D:9      | Reached skill level 1 in Invocations
  2496 | D:9      | Paralysed by a giant eyeball for 3 turns
  2503 | D:9      | Paralysed by a giant eyeball for 3 turns
  2553 | D:9      | Acquired Makhleb's third power
  2559 | D:9      | Reached skill level 10 in Axes
  2592 | D:9      | Reached XP level 9. HP: 77/77 MP: 6/6
  2642 | D:10     | Entered Level 10 of the Dungeon
  2686 | D:10     | Got an opalescent robe
  2731 | D:10     | Noticed a hill giant
  2736 | D:10     | Killed a hill giant
  2790 | D:10     | Gained mutation: You are robust (+10% HP). [mutagenic meat]
  2791 | D:10     | Gained mutation: You are covered in fur (AC +1). [mutagenic meat]
  2792 | D:10     | Gained mutation: Your vision is a little blurry. [mutagenic meat]
  2814 | D:10     | Found Jagotitedam's Magic Scroll Shop.
  2823 | D:10     | Bought a scroll of blinking for 77 gold pieces
  2823 | D:10     | Bought a scroll of teleportation for 42 gold pieces
  2823 | D:10     | Bought a scroll of enchant weapon II for 77 gold pieces
  2885 | D:10     | Acquired Makhleb's fourth power
  2918 | D:10     | Noticed Chiseanne's ghost (powerful HuFi)
  2944 | D:10     | Killed Chiseanne's ghost
  2944 | D:10     | Reached skill level 11 in Axes
  3022 | D:10     | Reached XP level 10. HP: 94/94 MP: 10/10
  3099 | D:11     | Paralysed by a giant eyeball for 2 turns
  3102 | D:11     | Paralysed by a giant eyeball for 3 turns
  3109 | D:11     | Reached skill level 12 in Axes
  3109 | D:11     | Paralysed by a giant eyeball for 2 turns
  3115 | D:11     | Paralysed by a giant eyeball for 2 turns
  3121 | D:11     | Paralysed by a giant eyeball for 3 turns
  3247 | D:11     | Reached skill level 5 in Invocations
  3254 | D:11     | Acquired Makhleb's fifth power
  3277 | D:11     | Found a staircase to the Lair.
  3308 | D:11     | Found a bloodstained altar of Trog.
  3441 | Lair:1   | Entered Level 1 of the Lair of Beasts
  3452 | Lair:1   | Reached skill level 10 in Armour
  3640 | Lair:2   | Reached skill level 13 in Axes
  3694 | Lair:3   | Found a snail-covered altar of Cheibriados.
  3757 | Lair:4   | Noticed a five-headed hydra
  3798 | Lair:4   | Killed a five-headed hydra
  3798 | Lair:4   | Reached skill level 10 in Fighting
  3836 | Lair:4   | Reached skill level 1 in Evocations
  3836 | Lair:4   | Reached XP level 11. HP: 103/103 MP: 13/13
  3964 | Lair:4   | Found a dark tunnel.
  3988 | Volcano  | Entered a volcano
  4037 | Volcano  | Noticed a lindwurm
  4050 | Volcano  | Killed a lindwurm
  4138 | Lair:3   | Noticed Erica
  4152 | Lair:3   | Killed Erica
  4413 | Lair:5   | Noticed Rupert
  4426 | Lair:5   | Reached skill level 14 in Axes
  4429 | Lair:5   | Killed Rupert
  4509 | Lair:5   | Found a staircase to the Swamp.
  4752 | Lair:5   | Found a hole to the Spider Nest.
  4762 | Lair:5   | Reached XP level 12. HP: 96/114 MP: 18/18
  4811 | Lair:6   | Noticed a seven-headed hydra
  4863 | Lair:7   | Reached skill level 1 in Spellcasting
  4941 | Lair:7   | Reached skill level 15 in Axes
  5030 | Lair:7   | Reached skill level 5 in Evocations
  5040 | Lair:8   | Entered Level 8 of the Lair of Beasts
  5289 | Lair:8   | Reached XP level 13. HP: 124/124 MP: 18/18
  5315 | Lair:8   | Reached skill level 16 in Axes
  5422 | Lair:8   | hurdos: no luck :(
  5505 | Lair:8   | 4tharraofdagon: what happened
  5547 | Lair:8   | hurdos: several chars died
  5547 | Lair:8   | 4tharraofdagon: uh oh
  5547 | Lair:8   | Yermak: Lair:8 already
  5547 | Lair:8   | hurdos: :)
  5556 | Lair:8   | 4tharraofdagon: look
  5556 | Lair:8   | Yermak: Game want you to become Warper
  5558 | Lair:8   | Learned a level 1 spell: Apportation
  5558 | Lair:8   | Yermak: Worth it
  5710 | Lair:7   | Yermak: Do you wait for better weapon, keeping your enchants?
  5711 | Lair:7   | Found a staircase to the Slime Pits.
  5735 | Lair:6   | 4tharraofdagon: ye
  5735 | Lair:6   | Yermak: e.g.?
  5735 | Lair:6   | 4tharraofdagon: i think im goin to stick with freezing baxe
  5735 | Lair:6   | Yermak: without a shield?
  5735 | Lair:6   | 4tharraofdagon: (if i wont find anything better by orcs
  5735 | Lair:6   | 4tharraofdagon: i want to pass through orcs
  5735 | Lair:6   | 4tharraofdagon: and see what will be best to ench
  5904 | Lair:4   | Noticed a four-headed hydra
  5939 | Lair:3   | Reached skill level 1 in Translocations
  5956 | Lair:3   | Yermak: I found Lear's haurbek in Lair. It's so great!
  5974 | Lair:2   | Yermak: 40 AC from a scratch
  5976 | Lair:2   | 4tharraofdagon: what char
  5976 | Lair:2   | Yermak: GhHu
  5976 | Lair:2   | 4tharraofdagon: oh
  6005 | Lair:2   | Yermak: why 0.13?
  6013 | Lair:2   | Noticed Harold
  6022 | Lair:2   | Killed Harold
  6065 | Lair:2   | 4tharraofdagon: i already have char in trunk
  6065 | Lair:2   | 4tharraofdagon: wanted to hold it down for sometime
  6081 | Lair:1   | Yermak: you have tow broad axes
  6095 | Lair:1   | Yermak: two*
  6097 | Lair:1   | Noticed smajdalf's ghost (experienced DrCj)
  6130 | Lair:1   | Yermak: draconian ghosts are nasty
  6131 | Lair:1   | Killed smajdalf's ghost
  6153 | Lair:1   | yokelz: one two-shot my SpEn :(
  6189 | Lair:1   | Yermak: z?
  6189 | Lair:1   | yokelz: 2*35 damage bolts vs 52 HP
  6348 | D:12     | Reached skill level 17 in Axes
  6557 | D:11     | Found a staircase to the Orcish Mines.
  6608 | Orc:1    | Entered Level 1 of the Orcish Mines
  6620 | Orc:1    | Found Pautan's General Store.
  6626 | Orc:1    | Found Gradius' Antique Armour Emporium.
  6636 | Orc:1    | Bought a potion of poison for 13 gold pieces
  6638 | Orc:1    | Found Bojaost's Gadget Shoppe.
  6656 | Orc:1    | Found a radiant altar of Vehumet.
  6664 | Orc:1    | Bought a fine scale mail for 305 gold pieces
  6696 | Orc:1    | Identified the +3 scale mail of Disaster {rF+ MR++ Dex-3 Acc-3 Stlth++} (You bought it in a shop on level 1 of the Orcish Mines)
  6697 | Orc:1    | 4tharraofdagon: uh
  6697 | Orc:1    | 4tharraofdagon: nice for elves
  6697 | Orc:1    | hurdos: again died :)
  6697 | Orc:1    | 4tharraofdagon: hurdos,stop it :)
  6697 | Orc:1    | 4tharraofdagon: your ghosts haunt whole dungeon
  6714 | Orc:1    | hurdos: yep
  6731 | Orc:2    | hurdos: I kill everyone :)
  6759 | Orc:2    | hurdos: why I so unlucky
  6777 | Orc:2    | hurdos: I'm
  6800 | Orc:2    | 4tharraofdagon: dont be me and live
  6937 | Orc:1    | Found Wyc Toam's Armour Boutique.
  7009 | Orc:3    | Found a staircase to the Elven Halls.
  7244 | Orc:1    | Found Chucip's Armour Shop.
  7255 | Orc:1    | Bought a +0 pair of boots for 28 gold pieces
  7303 | Orc:2    | Noticed Sonja
  7305 | Orc:2    | fu
  7483 | Orc:4    | Entered Level 4 of the Orcish Mines
  7505 | Orc:4    | Found Qocui's Book Boutique.
  7527 | Orc:4    | Found Kueklut's Food Shoppe.
  7553 | Orc:4    | Found a roughly hewn altar of Beogh.
  7637 | Orc:4    | Found a roughly hewn altar of Beogh.
  7660 | Orc:4    | Found Khopaf's Food Shop.
  7781 | Orc:4    | Found Ching's Assorted Antiques.
  7789 | Orc:4    | Bought a scroll labeled GROITW IMMATAKK for 22 gold pieces
  7789 | Orc:4    | Bought a scroll labeled FEOGANTICS for 22 gold pieces
  7789 | Orc:4    | Bought a scroll labeled KLORIP POMU for 22 gold pieces
  7789 | Orc:4    | Bought a slimy brown potion for 19 gold pieces
  7789 | Orc:4    | Bought a scroll of identify for 44 gold pieces
  7789 | Orc:4    | Bought 2 scrolls labeled TODEL WEFF {tried on wand of hasting} for 44 gold pieces
  7789 | Orc:4    | Bought a pair of gloves for 26 gold pieces
  7789 | Orc:4    | Bought a glowing broad axe for 132 gold pieces
  7817 | Orc:4    | Reached XP level 14. HP: 135/135 MP: 20/20
  7850 | Orc:4    | Found Chaupt's Gadget Shop.
  7935 | Orc:4    | Noticed an orc warlord
  7940 | Orc:4    | Noticed an Executioner
  7944 | Orc:4    | Found a roughly hewn altar of Beogh.
  7952 | Orc:4    | Found Odis' Antique Armour Emporium.
  7966 | Orc:4    | Bought a blackened chain mail for 528 gold pieces
  7984 | Orc:4    | Identified the +6 chain mail of Hospitality {Dex+5 Int-1} (You bought it in a shop on level 4 of the Orcish Mines)
  8016 | Orc:4    | Found Sirhaz's Distillery.
  8021 | Orc:4    | Bought a potion of speed for 66 gold pieces
  8021 | Orc:4    | Bought a potion of curing for 24 gold pieces
  8021 | Orc:4    | Bought a potion of slowing for 12 gold pieces
  8021 | Orc:4    | Bought 2 potions of speed for 132 gold pieces
  8085 | Orc:4    | Killed an orc warlord
  8132 | Orc:4    | Found a deep blue altar of Sif Muna.
  8169 | Orc:4    | 4tharraofdagon: oh
  8463 | Orc:4    | Noticed Saint Roka
  8488 | Orc:4    | Killed Saint Roka
  8507 | Orc:4    | Found a roughly hewn altar of Beogh.
  8507 | Orc:4    | Found Kuiph's Antique Weapon Boutique.
  8511 | Orc:4    | Found Zovieg's Antique Armour Shop.
  8542 | Orc:3    | Yermak: 340$ more
  8542 | Orc:4    | 4tharraofdagon: thats just 218
  8542 | Orc:4    | Yermak: I was pretty bad ay counting
  8542 | Orc:3    | Yermak: I guess you need that randart chain mail for 400$ too
  8557 | Orc:3    | 4tharraofdagon: ye
  8575 | Elf:1    | Entered Level 1 of the Elven Halls
  8642 | Elf:1    | Yermak: Are you wearnig rN+ ring?
  8676 | Elf:1    | BlessedChild: hi
  8676 | Elf:1    | Yermak: 'g'
  8676 | Elf:1    | Yermak: Hi
  8676 | Elf:1    | BlessedChild: how many runes atm ?
  8679 | Elf:1    | Yermak: 0
  8679 | Elf:1    | 4tharraofdagon: ty
  8789 | Elf:1    | BlessedChild: you are trying to beat the high score with MiFi ?
  8794 | Elf:1    | Reached skill level 18 in Axes
  8825 | Elf:1    | 4tharraofdagon: naa
  8825 | Elf:1    | 4tharraofdagon: just wanted a break from my ddgl
  8825 | Elf:1    | 4tharraofdagon: in trunk
  8825 | Elf:1    | 4tharraofdagon: just chilling heh
  8851 | Elf:1    | BlessedChild: ok
  8898 | Elf:1    | 4tharraofdagon: dont expect fireworks
  8946 | Elf:1    | Noticed Nergalle
  8957 | Elf:1    | Killed Nergalle
  9014 | Elf:2    | Noticed Frances
  9082 | Elf:3    | Entered Level 3 of the Elven Halls
  9134 | Elf:3    | Yermak: 'O'?
  9140 | Elf:3    | Learned a level 2 spell: Blink
  9177 | Elf:3    | Yermak: Will you try glowing buckler on?
  9205 | Elf:3    | 4tharraofdagon: yea in a sec
  9211 | Elf:3    | Found a shimmering altar of Xom.
  9248 | Elf:3    | mission accomplished
  9300 | Elf:3    | Yermak: What about staff?
  9301 | Elf:3    | Yermak: you're carrying
  9303 | Elf:3    | 4tharraofdagon: yea
  9303 | Elf:3    | 4tharraofdagon: ty
  9524 | Orc:4    | Bought a crystal battleaxe for 218 gold pieces
  9529 | Orc:4    | Identified the battleaxe of Disaster {freeze, +Fly rC+} (You bought it in a shop on level 4 of the Orcish Mines)
  9576 | D:11     | Yermak: fnot keeping flaming for hydrae?
  9576 | D:11     | 4tharraofdagon: uh ye
  9755 | D:14     | Entered Level 14 of the Dungeon
  9969 | D:15     | Entered Level 15 of the Dungeon
 10004 | D:15     | Found a staircase to the Vaults.
 10011 | Vaults:1 | Entered Level 1 of the Vaults
 10013 | Vaults:1 | Paralysed by a red wasp for 2 turns
 10016 | Vaults:1 | Reached XP level 15. HP: 138/146 MP: 22/22
 10116 | Vaults:1 | Reached skill level 19 in Axes
 10206 | Vaults:1 | Found Zaqyuv's Magic Scroll Emporium.
 10222 | Vaults:1 | Bought a scroll of enchant weapon II for 82 gold pieces
 10613 | Vaults:2 | Reached skill level 15 in Armour
 10795 | Vaults:2 | Found Stys' Antique Armour Boutique.
 10903 | Vaults:3 | Reached skill level 20 in Axes
 10944 | Vaults:3 | Noticed Louise
 10956 | Vaults:3 | Cast into the Abyss (Louise)
 10957 | Abyss:1  | ty
 10991 | Abyss:1  | horrible abyss :(
 10994 | Vaults:3 | Escaped the Abyss
 11017 | Vaults:3 | Cast into the Abyss (Louise)
 11017 | Abyss:1  | Found a corrupted altar of Lugonu.
 11027 | Abyss:1  | thx for gold
 11224 | Abyss:2  | hurdos: Will you get rune?
 11229 | Abyss:2  | 4tharraofdagon: yea
 11245 | Abyss:2  | 4tharraofdagon: *ill try
 11463 | Abyss:2  | Reached skill level 15 in Fighting
 11637 | Abyss:3  | Found a corrupted altar of Lugonu.
 11689 | Abyss:3  | Noticed a bone dragon
 11694 | Abyss:3  | hurdos: I'm going to die again :)
 11695 | Abyss:3  | 4tharraofdagon: no,fug you!
 11695 | Abyss:3  | 4tharraofdagon: are you trying to copy my games?good try
 11708 | Abyss:3  | Killed a bone dragon
 11708 | Abyss:3  | Reached XP level 16. HP: 125/158 MP: 22/22
 11757 | Abyss:3  | Gained mutation: Armour fits poorly on your strangely shaped body. [a neqoxec]
 11982 | Abyss:3  | Reached skill level 21 in Axes
 12047 | Abyss:3  | Found a corrupted altar of Lugonu.
 12134 | Abyss:3  | Noticed a profane servitor
 12154 | Abyss:3  | Killed a profane servitor
 12283 | Abyss:4  | Found a corrupted altar of Lugonu.
 12284 | Abyss:4  | welcome to HELL
 12303 | Abyss:4  | Found a corrupted altar of Lugonu.
 12407 | Abyss:4  | Noticed a bone dragon
 12425 | Abyss:4  | Reached skill level 22 in Axes
 12435 | Abyss:4  | Killed a bone dragon
 12585 | Abyss:4  | Gained mutation: You are partially covered in iridescent scales (AC +4). [a neqoxec]
 12605 | Abyss:4  | Got a slimy ruby amulet
 12606 | Abyss:4  | Identified the amulet of Creativity {Stasis MR++ Acc+5} (You found it on level 4 of the Abyss)
 12666 | Abyss:4  | Lost intelligence.
 12677 | Abyss:4  | 4tharraofdagon: how to restore it
 12677 | Abyss:4  | 4tharraofdagon: omg
 12682 | Abyss:4  | Yermak: Chei mode on
 12682 | Abyss:4  | Paralysed by accursed screaming for 1 turns
 12684 | Abyss:4  | Paralysed by accursed screaming for 2 turns
 12685 | Abyss:4  | Gained mutation: You tend to lose your temper in combat. [a neqoxec]
 12686 | Abyss:4  | 4tharraofdagon: im ded
 12686 | Abyss:4  | 4tharraofdagon: cant read
 12686 | Abyss:4  | Yermak: there is still a chance
 12690 | Abyss:4  | 4tharraofdagon: what is a chance
 12690 | Abyss:4  | 4tharraofdagon: 0?
 12690 | Abyss:4  | Yermak: Well, today I was brainless too
 12690 | Abyss:4  | 4tharraofdagon: trunk is different
 12690 | Abyss:4  | Yermak: And I succeded to read remove curse with a third atempt
 12690 | Abyss:4  | Yermak: right
 12699 | Abyss:4  | Noticed a bone dragon
 12699 | Abyss:4  | Noticed a lich
 12719 | Abyss:4  | 4tharraofdagon: brillance
 12719 | Abyss:4  | 4tharraofdagon: im so stupid
 12719 | Abyss:4  | 4tharraofdagon: lol
 12724 | Abyss:4  | Paralysed by accursed screaming for 1 turns
 12726 | Abyss:4  | HP: 7/158 [disintegration[a shadow demon] (32)]
 12727 | Abyss:4  | ciphuk: One a time I was brainless when one statue confuse me and the second seek my Int. It was good leson for me. And I up int for my crawler to 7.
 12727 | Abyss:4  | 4tharraofdagon: but look art this
 12729 | Abyss:4  | Killed a lich
 12730 | Abyss:4  | Paralysed by accursed screaming for 1 turns
 12826 | Abyss:4  | Reached XP level 17. HP: 151/166 MP: 23/23
 12877 | Abyss:4  | Reached skill level 23 in Axes
 12892 | Abyss:4  | Noticed a tentacled monstrosity
 12905 | Abyss:4  | Killed a tentacled monstrosity
 13167 | Abyss:4  | Found a corrupted altar of Lugonu.
 13424 | Abyss:4  | Reached skill level 24 in Axes
 13439 | Abyss:4  | Noticed a tentacled monstrosity
 13439 | Abyss:4  | Noticed a tentacled monstrosity
 13440 | Abyss:4  | Noticed a tentacled monstrosity
 13441 | Abyss:4  | Noticed a tentacled monstrosity
 13445 | Abyss:4  | Got an abyssal rune of Zot
 13454 | Abyss:4  | Killed a tentacled monstrosity
 13458 | Abyss:4  | Killed a tentacled monstrosity
 13464 | Abyss:4  | Killed a tentacled monstrosity
 13559 | Vaults:3 | Escaped the Abyss
 13561 | Vaults:3 | Yermak: crazy trip
 13574 | Vaults:3 | Killed Louise
 13598 | Vaults:3 | 4tharraofdagon: yea
 13871 | Vaults:3 | Found a staircase to the Hall of Blades.
 13942 | Vaults:3 | Reached skill level 25 in Axes
 13988 | Vaults:3 | Found Tusk's Magical Wand Shop.
 14074 | Vaults:2 | Bought a glowing cap for 117 gold pieces
 14082 | Vaults:2 | Learned a level 2 spell: Cure Poison
 14171 | Vaults:5 | Entered Level 5 of the Vaults
 14184 | Vaults:5 | Reached XP level 18. HP: 176/176 MP: 24/24
 14238 | Vaults:5 | Reached skill level 1 in Dodging
 14282 | Vaults:5 | Reached skill level 5 in Dodging
 14438 | Vaults:5 | hurdos: died again
 14447 | Vaults:5 | hurdos: wtf I', doing wrong :)
 14526 | Vaults:5 | Got a brightly glowing chain mail
 14622 | Vaults:5 | Killed from afar by a titan

Action                   |  1- 3 |  4- 6 |  7- 9 | 10-12 | 13-15 | 16-18 || total
-------------------------+-------+-------+-------+-------+-------+-------++-------
Melee: Hand axe          |    40 |       |       |       |       |       ||    40
       War axe           |    51 |    78 |   234 |   466 |   837 |       ||  1666
       Broad axe         |       |       |     2 |    60 |    14 |       ||    76
       Battleaxe         |       |       |       |       |   397 |   957 ||  1354
Throw: Hand axe          |     2 |     1 |       |       |       |       ||     3
Invok: Greater Servant o |       |       |       |     1 |     2 |     1 ||     4
       Lesser Servant of |       |       |       |       |     2 |       ||     2
 Abil: Stop Flying       |       |       |       |       |       |     1 ||     1
       Evoke Flight      |       |       |       |       |       |     1 ||     1
Evoke: Wand              |       |       |     2 |    14 |     3 |     5 ||    24
       Miscellaneous     |       |       |       |       |       |     5 ||     5
  Use: Potion            |     1 |       |     1 |     5 |     6 |    23 ||    36
       Scroll            |     3 |     3 |     4 |    11 |    31 |     7 ||    59
 Stab: Invisible         |       |       |     2 |       |    12 |       ||    14
       Distracted        |       |       |       |     4 |     1 |     1 ||     6
       Fleeing           |       |       |       |       |       |     1 ||     1
